 Dungeon Crawl Stone Soup version 0.21.0-3-g78d12a8 (webtiles) character file.

45 Suckerboh the Skirmisher (level 3, -6/30 HPs)
             Began as a Formicid Abyssal Knight on Jan 15, 2018.
             Was a Believer of Lugonu.
             Mangled by a gnoll sergeant
             ... wielding a +2 spear of piercing
              (8 damage)
             ... on level 3 of the Dungeon.
             The game lasted 00:02:34 (1860 turns).

Suckerboh the Skirmisher (Formicid Abyssal Knight)  Turns: 1860, Time: 00:02:35

Health: -6/30      AC:  5    Str: 13 (16) XL:     3   Next: 90%
Magic:  5/5        EV: 10    Int:  9 (11) God:    Lugonu [**....]
Gold:   59         SH:  0    Dex:  8 (9)  Spells: 2/2 levels left

rFire    . . .     SeeInvis +   a - +1 falchion
rCold    . . .     Gourm    .   (no shield)
rNeg     . . .     Faith    .   j - +0 ring mail
rPois    .         Spirit   .   (helmet unavailable)
rElec    .         Reflect  .   (no cloak)
rCorr    .         Harm     .   (no gloves)
MR       .....                  (no boots)
Stlth    ..........             (no amulet)
HPRegen  0.10/turn              n - -2 ring of dexterity (curse)
MPRegen  0.09/turn              (no ring)

@: no status effects
A: permanent stasis, dig shafts and tunnels, four strong arms, antennae 3
a: Dig, Shaft Self, Depart the Abyss, Bend Space, Renounce Religion


You were on level 3 of the Dungeon.
You worshipped Lugonu.
Lugonu was pleased with you.
You were not hungry.

You visited 1 branch of the dungeon, and saw 3 of its levels.
You visited the Abyss 1 time.

You collected 59 gold pieces.

Inventory:

Hand Weapons
 a - a +1 falchion (weapon)
Armour
 j - a +0 ring mail (worn)
Jewellery
 n - a cursed -2 ring of dexterity (left hand)
Scrolls
 d - 4 scrolls of identify {unknown}
 e - 2 scrolls of magic mapping {unknown}
 f - 2 scrolls of blinking {unknown}
 g - a scroll of enchant weapon {unknown}
 h - a scroll of remove curse {unknown}
 k - a scroll of enchant armour {unknown}
 m - a scroll of teleportation {unknown}
Potions
 b - a potion of magic {unknown}
 i - a potion of degeneration
 l - 2 potions of lignification {unknown}
 o - a potion of agility
Comestibles
 c - 6 rations
 p - 2 chunks of flesh


   Skills:
 + Level 3.8 Fighting
 + Level 2.3 Long Blades
 + Level 2.4 Armour
 + Level 1.0 Dodging
 * Level 1.2 Unarmed Combat
 * Level 2.9 Invocations


You had 2 spell levels left.
You didn't know any spells.

Dungeon Overview and Level Annotations

Branches:
Dungeon (3/15)

Altars:
Ashenzari
Nemelex Xobeh
Xom


Innate Abilities, Weirdness & Mutations

You cannot be hasted, slowed, berserked, paralysed or teleported.
You can dig through walls and to a lower floor.
Your four strong arms can wield two-handed weapons with a shield.
You have a pair of large antennae on your head. (SInv)


Message History

The gnoll sergeant hits you but does no damage.
You hit the gnoll sergeant.
The gnoll sergeant is lightly wounded.
The gnoll sergeant hits you with a spear of piercing.
* * * LOW HITPOINT WARNING * * *
x2 The gnoll sergeant barely misses you.
You barely miss the gnoll sergeant. The gnoll sergeant barely misses you.
You riposte.
You hit the gnoll sergeant.
The gnoll sergeant is lightly wounded.
You hit the gnoll sergeant.
The gnoll sergeant is moderately wounded.
The gnoll sergeant hits you with a spear of piercing.
* * * LOW HITPOINT WARNING * * *
x2 You hit the gnoll sergeant but do no damage.
The gnoll sergeant is moderately wounded.
The gnoll sergeant hits you but does no damage.
You barely miss the gnoll sergeant.
The gnoll sergeant is moderately wounded.
The gnoll sergeant hits you with a spear of piercing!
You die...

####### #.....###
##############.###.#<.
#...g@)............#.#
#.############.#####.#
########.# #......)#
#......{{# #########
#.......{# #......{.#
#........# #.......##
{ ####+#.#######.


You could see a gnoll sergeant.

Vanquished Creatures
  An adder (D:2)
  A worm (D:2)
  A dart slug (D:1)
  2 leopard geckos (D:2)
  An orc (D:3)
  5 goblins
  2 hobgoblins
  6 jackals
  6 bats
  A frilled lizard (D:1)
  A rat (D:1)
27 creatures vanquished.

Notes
Turn   | Place    | Note
-------+----------+-------------------------------------------
     0 | Abyss:1  | Suckerboh the Formicid Abyssal Knight began the quest for the Orb.
     0 | Abyss:1  | Reached XP level 1. HP: 18/18 MP: 2/2
    13 | D:1      | Escaped the Abyss
   232 | D:1      | Found a shattered altar of Ashenzari.
   318 | D:1      | Reached XP level 2. HP: 20/24 MP: 3/3
   726 | D:2      | Found a sparkling altar of Nemelex Xobeh.
   749 | D:2      | Reached skill level 1 in Dodging
   749 | D:2      | Reached XP level 3. HP: 7/30 MP: 4/4
   816 | D:2      | Reached skill level 1 in Unarmed Combat
  1038 | D:2      | Found a shimmering altar of Xom.
  1039 | D:2      | Found a shimmering altar of Xom.
  1039 | D:2      | Found a shimmering altar of Xom.
  1039 | D:2      | Found a shimmering altar of Xom.
  1040 | D:2      | Found a shimmering altar of Xom.
  1040 | D:2      | Found a shimmering altar of Xom.
  1055 | D:2      | Found a shimmering altar of Xom.
  1067 | D:2      | Reached ** piety under Lugonu
  1833 | D:3      | Noticed a gnoll sergeant
  1860 | D:3      | Mangled by a gnoll sergeant

Skill      XL: |  1  2  3 |
---------------+----------+-----
Dodging        | 1 |  1.0
Unarmed Combat | 1 |  1.2
Fighting       | |  3.8
Long Blades    | |  2.3
Armour         | |  2.4
Invocations    | |  2.9

Action                   || total
-------------------------++-------
Melee: Falchion          ||   112
       Punch             ||     1
  Use: Potion            ||     3
  Eat: Chunk             ||     3
Armor: Leather armour    ||    19
       Ring mail         ||    21
Dodge: Dodged            ||    81
       Rpst.: Falchion   ||    25
